 Dungeon Crawl Stone Soup version 0.27.0-1-g7a089689b8 (webtiles) character file.

Game seed: 12330555848348744384

73 Spaninq the Ducker (level 4, 0/23 HPs)
             Began as a Spriggan Gladiator on Aug 13, 2021.
             Was a Follower of Uskayaw.
             Succumbed to an adder's poison
             ... on level 3 of the Dungeon.
             The game lasted 00:03:06 (2061 turns).

Spaninq the Ducker (Spriggan Gladiator)             Turns: 2061, Time: 00:03:07

Health: 0/23       AC:  2    Str: 11    XL:     4   Next: 8%
Magic:  5/5        EV: 19    Int:  9    God:    Uskayaw [*.....]
Gold:   80         SH:  0    Dex: 16    Spells: 3/3 levels left

rFire    . . .     SeeInvis +   a - +0 long sword
rCold    . . .     Faith    .   (shield restricted)
rNeg     . . .     Spirit   .   b - +0 robe
rPois    .         Reflect  .   c - +0 hat
rElec    .         Harm     .   (no cloak)
rCorr    .         Rampage  .   (gloves unavailable)
Will     .....                  (boots unavailable)
Stlth    +.........             (no amulet)
HPRegen  0.07/turn              (no ring)
MPRegen  0.09/turn              (no ring)

@: lethally poisoned (0 -> -2), very quick
A: very small, no large weapons, unfitting armour, see invisible, speed 3
a: Renounce Religion, Stomp


You were on level 3 of the Dungeon.
You worshipped Uskayaw.
Uskayaw was noncommittal.
You visited 1 branch of the dungeon, and saw 3 of its levels.

You collected 80 gold pieces.

Inventory:

Hand Weapons
 a - a +0 long sword (weapon)
Missiles
 d - 3 throwing nets (quivered)
Armour
 b - a +0 robe (worn)
 c - a +0 hat (worn)
Scrolls
 f - a scroll of acquirement {unknown}
 i - a scroll of teleportation {unknown}
 j - 3 scrolls of identify {unknown}
 k - a scroll of fog {unknown}
 l - a scroll of amnesia {unknown}
Potions
 e - a potion of invisibility {unknown}
 g - a potion of cancellation {unknown}
 h - a potion of flight {unknown}
 m - 2 potions of curing {unknown}
 n - a potion of degeneration {unknown}


   Skills:
 + Level 2.2 Fighting
 * Level 3.3 Long Blades
 - Level 2.0 Throwing
 + Level 4.7 Dodging


You had 3 spell levels left.
You didn't know any spells.
Your spell library was empty.

Dungeon Overview and Level Annotations

Branches:
Dungeon (3/15)

Altars:
Uskayaw

Shops:
D:2 :


Innate Abilities, Weirdness & Mutations

You are very small and have problems with some larger weapons.
You are too small for most types of armour.
You have supernaturally acute eyesight. (SInv)
You cover ground extremely quickly. (Speed+++)


Message History

You slash the kobold!
You kill the kobold!
Things that are here:
a +0 short sword; 2 stones As you open the door, it creaks loudly!
Found a stone staircase leading down.
There is an open door here.
There is a stone staircase leading down here.
Found a stone staircase leading up.
There is a stone staircase leading up here.
j - 3 scrolls labelled LOEWKEUSUY (gained 1)
An adder comes into view.
The adder hisses angrily.
You miss the adder. The adder misses you.
You riposte.
You barely miss the adder. You barely miss the adder. The adder bites you.
You are poisoned.
The adder poisons you! The adder bites you.
You are more poisoned.
The adder poisons you!
You completely miss the adder.
You feel very sick. The adder bites you. The adder misses you.
You riposte.
You barely miss the adder. You barely miss the adder.
You feel sick. The adder bites you.
You barely miss the adder.
* * * LOW HITPOINT WARNING * * *
You feel sick. The adder misses you. x2
You barely miss the adder.
* * * LOW HITPOINT WARNING * * *
You feel sick. The adder misses you.
You closely miss the adder.
* * * LOW HITPOINT WARNING * * *
You feel sick. The adder completely misses you.
You riposte.
You barely miss the adder. The adder bites you but does no damage.
You barely miss the adder.
* * * LOW HITPOINT WARNING * * *
You feel sick. The adder misses you.
You riposte.
You closely miss the adder. You miss the adder.
You die...

.. .# .# # ##.
#. #..
#.###.###.#
#....S....#
##.#@#
####....#
+.......#
####....#
##..## ##.#
#.# #+ #.#
#.##########.#


You could see an adder.

Vanquished Creatures
  3 adders (D:2)
  A gnoll (D:2)
  A dart slug (D:1)
  2 bats (D:1)
  3 endoplasms
  3 giant cockroaches
  6 goblins
  3 hobgoblins
  A jackal (D:1)
  5 ball pythons
  A frilled lizard (D:1)
  3 kobolds
  A rat (D:2)
33 creatures vanquished.

Notes
Turn   | Place    | Note
-------+----------+-------------------------------------------
     0 | D:1      | Spaninq the Spriggan Gladiator began the quest for the Orb.
     0 | D:1      | Reached XP level 1. HP: 10/10 MP: 2/2
    81 | D:1      | Reached XP level 2. HP: 15/15 MP: 3/3
   272 | D:1      | Found a faded altar of an unknown god.
   281 | D:1      | Became a worshipper of Uskayaw the Reveller
   281 | D:1      | Reached * piety under Uskayaw
   594 | D:1      | Reached ** piety under Uskayaw
   760 | D:2      | Found Legiahad's Book Emporium.
   888 | D:2      | Reached XP level 3. HP: 13/18 MP: 4/4
  1321 | D:2      | Reached XP level 4. HP: 22/23 MP: 5/5
  2060 | D:3      | HP: 1/23 [poisoned by an adder]
  2061 | D:3      | Succumbed to an adder's poison

Illustrated notes

Levels and vault maps discovered:
D:1:      tarquinn_simple_flora_water_a, layout_loops_cross,
          ebering_ecumenical_altar_webs, minmay_tiny_reverse_x
D:2:      layout_loops_cross, serial_shops, nicolae_shop_trees
D:3:      layout_loops_corners, led_xom_imps

Skill      XL: |  1  2 |
---------------+-------+-----
Fighting       | 2 |  2.2
Long Blades    | 3 |  3.3
Throwing       | |  2.0
Dodging        | |  4.7

Action                   |  1- 3 |  4- 6 || total
-------------------------+-------+-------++-------
Melee: Long sword        |    64 |    15 ||    79
 Stab: Sleeping          |     2 |       ||     2
Armor: Robe              |     1 |     3 ||     4
Dodge: Dodged            |    74 |    13 ||    87
       Rpst.: Long sword |    25 |     5 ||    30
